[Event "Team 45 45 League T81"]
[Site "Internet Chess Club"]
[Date "2019.06.28"]
[Round "1"]
[White "bardu"]
[Black "howah45"]
[Result "0-1"]
[WhiteElo "1264"]
[BlackElo "1180"]
[Opening "QGD: Albin counter-gambit, 5.g3"]
[ECO "D09"]
[Time "14:07:25"]
[TimeControl "2700+45"]

1. d4 d5 2. c4 e5 3. dxe5 d4 4. Nf3 Nc6 5. g3 Bb4+ 6. Bd2 Bxd2+ 7. Qxd2 Bg4 8.
Bg2 Nge7 9. O-O O-O 10. Na3 Qd7 11. Nc2 Nf5 12. Qf4 d3 13. Rfd1 Nfe7 14. Rxd3
Qe6 15. Re3 Ng6 16. Ng5 Nxf4 17. Nxe6 Nxe2+ 18. Kf1 fxe6 19. h3 Ncd4 20. Nxd4
Nxd4 21. Re4 Be2+ 22. Kg1 Rad8 {White resigns} 0-1

[Event "Team 45 45 League T81"]
[Site "Internet Chess Club"]
[Date "2019.06.29"]
[Round "1"]
[White "kabubi"]
[Black "Conjurer"]
[Result "1-0"]
[WhiteElo "1174"]
[BlackElo "1221"]
[Opening "French: King's Indian attack"]
[ECO "C00"]
[Time "12:03:20"]
[TimeControl "2700+45"]

1. e4 e6 2. d3 d5 3. Nd2 Nf6 4. Qe2 c5 5. g3 Nc6 6. Bg2 e5 7. Ngf3 dxe4 8. dxe4
Nd4 9. Qd1 Bg4 10. c3 Nc6 11. O-O Be7 12. h3 Be6 13. Kh2 O-O 14. Qe2 Qb6 15. b3
Rad8 16. Re1 Rd7 17. c4 Rfd8 18. Bb2 Qc7 19. Rad1 Nd4 20. Nxd4 cxd4 21. Qd3 h6
22. Nf3 Bb4 23. Re2 Qa5 24. a4 Bc3 25. Kg1 Bxb2 26. Rxb2 Qc3 27. Rbd2 Qa5 28.
Kh2 Nh7 29. Nh4 Ng5 30. f4 exf4 31. gxf4 Nh7 32. f5 Qe5+ 33. Kg1 Ng5 34. fxe6
fxe6 35. Ng6 Qf6 36. e5 Qf5 37. Qxf5 exf5 38. e6 Nxe6 39. Ne5 Re7 40. Bd5 Kh7
41. Bxe6 Rxe6 42. Nf3 Rg6+ 43. Kf2 f4 44. Rxd4 Re8 45. Rxf4 Rge6 46. Re1 Rxe1
47. Nxe1 {Black resigns} 1-0

[Event "Team 45 45 League T81"]
[Site "Internet Chess Club"]
[Date "2019.06.30"]
[Round "1"]
[White "guyd52"]
[Black "oldbookseller"]
[Result "1-0"]
[WhiteElo "1208"]
[BlackElo "1041"]
[Opening "Réti opening"]
[ECO "A04"]
[Time "09:30:43"]
[TimeControl "2700+45"]

1. Nf3 c5 2. g3 Nc6 3. d3 Nf6 4. Bg2 g6 5. Nbd2 d6 6. e4 Bg7 7. O-O Be6 8. Ng5
Qc8 9. Qe2 O-O 10. c3 b6 11. Nc4 b5 12. Nxe6 Qxe6 13. Na3 a6 14. e5 Ng4 15. Bxc6
Rac8 16. Bd5 Qf5 17. exd6 Qh5 18. f3 Be5 19. fxg4 Qh3 20. Bg2 {Black resigns}
1-0

[Event "Team 45 45 League T81"]
[Site "Internet Chess Club"]
[Date "2019.07.02"]
[Round "1"]
[White "kabindra"]
[Black "DaveTheRook"]
[Result "1-0"]
[WhiteElo "1765"]
[BlackElo "1570"]
[Opening "Sicilian: closed"]
[ECO "B23"]
[Time "17:02:07"]
[TimeControl "2700+45"]

1. e4 c5 2. Nc3 d6 3. f4 Nc6 4. Nf3 g6 5. Bc4 Bg7 6. O-O Nf6 7. d3 O-O 8. Qe1 e5
9. f5 Nd4 10. Nxd4 cxd4 11. Nd5 Nxd5 12. Bxd5 Rb8 13. fxg6 hxg6 14. Qg3 Qe7 15.
Bg5 Qe8 16. Bf6 Be6 17. Bxg7 Kxg7 18. Qg5 f6 19. Qh4 Bxd5 20. exd5 f5 21. Rf3
Rh8 22. Qg3 Qd7 23. Raf1 f4 24. Qf2 g5 25. Qd2 Rh6 26. c3 Rbh8 27. h3 g4 28.
R3f2 g3 29. Rf3 Rxh3 30. gxh3 Qxh3 31. Qg2 Qe6 32. cxd4 Qxd5 33. Rxg3+ {Black
resigns} 1-0

[Event "Team 45 45 League T81"]
[Site "Internet Chess Club"]
[Date "2019.06.29"]
[Round "1"]
[White "mongmong"]
[Black "isolani"]
[Result "1-0"]
[WhiteElo "1573"]
[BlackElo "1347"]
[Opening "QGD Slav: 4.e3 Bf5"]
[ECO "D12"]
[Time "20:01:28"]
[TimeControl "2700+45"]

1. d4 Nf6 2. Nf3 d5 3. e3 Bf5 4. c4 c6 5. Nc3 e6 6. Nh4 Bg6 7. Nxg6 hxg6 8. Bd2
Bd6 9. g3 Nbd7 10. Qb3 Ng4 11. h3 Qf6 12. f4 Qf5 13. Bg2 Qd3 14. hxg4 Rxh1+ 15.
Bxh1 Nf6 16. Bf3 O-O-O 17. O-O-O dxc4 18. Qc2 Nd5 19. Qxd3 cxd3 20. Bxd5 exd5
21. Be1 {Black resigns} 1-0

[Event "Team 45 45 League T81"]
[Site "Internet Chess Club"]
[Date "2019.06.29"]
[Round "1"]
[White "Megasus"]
[Black "Andressa"]
[Result "0-1"]
[WhiteElo "1513"]
[BlackElo "1383"]
[Opening "Queen's pawn game, Chigorin variation"]
[ECO "A04"]
[Time "13:07:12"]
[TimeControl "2700+45"]

1. Nf3 Nc6 2. d4 d5 3. h3 Nf6 4. e3 e6 5. a3 Be7 6. b3 O-O 7. Bb2 a6 8. c4 b6 9.
Nbd2 Bb7 10. Qc2 Re8 11. Bd3 g6 12. g4 dxc4 13. bxc4 Na7 14. Rg1 c5 15. h4 Bxf3
16. Nxf3 cxd4 17. exd4 b5 18. c5 Qd5 19. Ne5 Nc6 20. Rc1 Nxd4 21. Bxd4 Qxd4 22.
Nc6 Qd5 23. Nxe7+ Rxe7 24. g5 Qe5+ 25. Kf1 Nd5 26. Be4 Rd8 27. Rg3 Qf4 28. h5
Nc7 29. hxg6 fxg6 30. Bd3 e5 31. Re1 Rf8 32. Re4 Qxg3 {White resigns} 0-1

[Event "Team 45 45 League T81"]
[Site "Internet Chess Club"]
[Date "2019.06.28"]
[Round "1"]
[White "Portola"]
[Black "joaoazm"]
[Result "0-1"]
[WhiteElo "1797"]
[BlackElo "1740"]
[Opening "Queen's pawn game, Darooha variation "]
[ECO "D02"]
[Time "19:00:24"]
[TimeControl "2700+45"]

1. d4 d5 2. Nf3 Nf6 3. c3 Bf5 4. Bg5 Ne4 5. Bf4 e6 6. e3 Nd7 7. Nbd2 Bd6 8. Bxd6
cxd6 9. Be2 O-O 10. O-O Rc8 11. Re1 Nb6 12. Rc1 Nxd2 13. Nxd2 Rc7 14. b3 Qc8 15.
c4 dxc4 16. bxc4 e5 17. d5 Bg6 18. Qb3 Nxd5 19. Qa3 Nf6 20. Qxd6 Rd8 21. Qb4 b6
22. Nf3 Rc5 23. Red1 Rxd1+ 24. Rxd1 Bh5 25. Qd2 e4 26. Qd8+ Ne8 27. Qe7 exf3 28.
Rd8 Re5 29. Qxe5 Qxd8 30. gxf3 Bg6 31. e4 Kf8 32. Qc3 Qc7 33. e5 Ke7 34. Qa3+
Ke6 35. Qa4 f6 36. f4 fxe5 37. Bg4+ Kf6 38. Qa3 exf4 39. Qf8+ Bf7 40. Qb4 Qxc4
41. Qb2+ Kg5 42. h3 Nf6 43. Qe5+ Kh4 44. Qf5 Bd5 45. Qb1 Qxa2 46. Qe1 Nxg4 47.
hxg4 Kxg4 48. Qd1+ Kg5 49. Qe1 Kf5 50. Qd1 Qa5 51. Qh5+ Kf6 52. Qh4+ Ke5 53.
Qh5+ Kd6 54. Qd1 h6 55. Qb1 Qc3 56. Qg6+ Kc5 57. Qb1 a5 58. Qd1 b5 59. f3 Qe3+
60. Kh2 Qf2+ {White resigns} 0-1

[Event "Team 45 45 League T81"]
[Site "Internet Chess Club"]
[Date "2019.07.02"]
[Round "1"]
[White "WillC"]
[Black "rubo"]
[Result "1-0"]
[WhiteElo "1655"]
[BlackElo "1551"]
[Opening "Queen's pawn game, Darooha variation "]
[ECO "D02"]
[Time "17:01:31"]
[TimeControl "2700+45"]

1. d4 Nf6 2. Nf3 d5 3. b3 g6 4. Bb2 Bg7 5. e3 Bg4 6. Be2 Nbd7 7. O-O O-O 8. Nbd2
c6 9. c4 dxc4 10. Nxc4 Re8 11. Rc1 Ne4 12. Qc2 Nd6 13. Rfd1 Nxc4 14. bxc4 e6 15.
e4 Qb6 16. Rb1 Qc7 17. e5 Bf5 18. Bd3 Bxd3 19. Rxd3 Nb6 20. Ng5 Rad8 21. Ne4 Nc8
22. Ba3 b6 23. Qd2 h6 24. Nf6+ Bxf6 25. exf6 Kh7 26. Rh3 h5 27. Bc1 Rh8 28. Qh6+
{Black resigns} 1-0

[Event "Team 45 45 League T81"]
[Site "Internet Chess Club"]
[Date "2019.06.28"]
[Round "1"]
[White "g8wrb"]
[Black "Conjurer"]
[Result "1-0"]
[WhiteElo "1332"]
[BlackElo "1241"]
[Opening "French: Tarrasch, closed variation"]
[ECO "C05"]
[Time "13:02:38"]
[TimeControl "2700+45"]

1. e4 e6 2. d4 d5 3. Nd2 Nf6 4. e5 Nfd7 5. f4 c5 6. c3 Nc6 7. Ndf3 f6 8. Bd3 c4
9. Bc2 b5 10. Ne2 Be7 11. O-O O-O 12. f5 fxe5 13. fxe6 Nf6 14. dxe5 Ng4 15. Ned4
Ngxe5 16. Nxb5 Bxe6 17. Nxe5 Nxe5 18. Bxh7+ Kxh7 19. Qh5+ Kg8 20. Rxf8+ Qxf8 21.
Qxe5 Bc5+ 22. Nd4 Qf6 23. Qxf6 gxf6 24. Bh6 Kf7 25. Rf1 Rg8 26. Kh1 Bg4 27. Bf4
Bh5 28. Be5 Be7 29. Nc6 Be2 30. Rf2 Ke6 31. Nxe7 Kxe7 32. Bxf6+ Ke6 33. Rxe2+
Kxf6 34. Rd2 Re8 35. Kg1 Re5 36. Kf2 Kg5 37. Rd4 Rf5+ 38. Kg3 Re5 39. h4+ Kf5
40. Kf3 Ke6 41. g4 Re1 42. h5 Rh1 43. Kg2 Rb1 44. Rd2 Ke5 45. Rf2 d4 46. cxd4+
Kxd4 47. h6 Re1 48. g5 Re6 49. Kg3 Ke3 50. Rf3+ Kd2 51. h7 {Black resigns} 1-0

[Event "Team 45 45 League T81"]
[Site "Internet Chess Club"]
[Date "2019.06.28"]
[Round "1"]
[White "guyd52"]
[Black "SeniorCitizen"]
[Result "1-0"]
[WhiteElo "1198"]
[BlackElo "1227"]
[Opening "Réti opening"]
[ECO "A05"]
[Time "14:03:50"]
[TimeControl "2700+45"]

1. Nf3 Nf6 2. g3 e6 3. Bg2 d5 4. d3 Be7 5. Nbd2 O-O 6. O-O c5 7. c3 Nc6 8. Re1
b6 9. e4 dxe4 10. Nxe4 Qc7 11. d4 Rd8 12. Bf4 Qd7 13. Nxf6+ Bxf6 14. dxc5 bxc5
15. Qxd7 Rxd7 16. Ne5 Bxe5 17. Bxc6 Bxf4 18. Bxa8 Bg5 19. Rad1 Kf8 20. Rxd7 Bxd7
21. f4 Be7 22. a3 Ke8 23. Re4 Kf8 24. b4 cxb4 25. axb4 Ba4 26. Rc4 Bd7 27. Rc7
Ke8 28. Bc6 Bxc6 29. Rxc6 Bd8 30. Kg2 Kd7 31. Rc4 Bb6 32. Re4 Kd6 33. Re1 Kd5
34. Rd1+ Kc4 35. Rd7 Kxc3 36. Rxf7 Kxb4 37. Rxg7 a5 38. Rb7 Kb5 39. Rb8 a4 40.
Ra8 Kb4 41. Rb8 Kb5 42. Kf1 a3 43. Ke2 Ka4 44. Rxb6 a2 45. Ra6+ Kb3 46. Ke3 Kb2
47. Ke4 a1=Q 48. Rxa1 {Black resigns} 1-0

[Event "Team 45 45 League T81"]
[Site "Internet Chess Club"]
[Date "2019.06.26"]
[Round "1"]
[White "rubo"]
[Black "Chess4Him"]
[Result "1-0"]
[WhiteElo "1563"]
[BlackElo "1528"]
[Opening "Queen's pawn, Mason variation"]
[ECO "D00"]
[Time "20:30:47"]
[TimeControl "2700+45"]

1. d4 d5 2. Bf4 Nf6 3. e3 e6 4. Nf3 c5 5. c3 Nc6 6. Nbd2 cxd4 7. exd4 Nh5 8. Bg3
Bd6 9. Bd3 Nf4 10. Bxf4 Bxf4 11. O-O Qc7 12. Re1 O-O 13. g3 Bh6 14. Ne5 g6 15.
Ndf3 a5 16. a4 Bg7 17. Qd2 Rb8 18. b4 axb4 19. Nxc6 bxc3 20. Qxc3 Qxc6 21. Qb4
Rd8 22. Ne5 Qd6 23. Qd2 f6 24. Nf3 Bd7 25. Qe2 Rdc8 26. Bb5 Bxb5 27. axb5 Re8
28. Rac1 Bh6 29. Rc2 Bg7 30. Kg2 e5 31. dxe5 fxe5 32. Qd2 d4 33. Qd3 Qd5 34. Re4
Rbd8 35. Kg1 Qd6 36. Rce2 Qc7 37. Nxd4 Rxd4 38. Rxd4 Qc1+ 39. Kg2 Qg5 40. Qc4+
Kh8 41. Rd7 Qf5 42. Qc7 Rg8 43. f4 e4 44. Qxb7 g5 45. Rxe4 gxf4 46. Rf7 f3+ 47.
Kf2 Qh5 48. Rh4 Bd4+ 49. Kf1 Qg6 50. Rfxh7+ Qxh7 51. Qxh7# {Black checkmated}
1-0

[Event "Team 45 45 League T81"]
[Site "Internet Chess Club"]
[Date "2019.06.27"]
[Round "1"]
[White "BrerRabbit"]
[Black "g8wrb"]
[Result "1-0"]
[WhiteElo "1349"]
[BlackElo "1319"]
[Opening "Queen's pawn game, Chigorin variation"]
[ECO "D02"]
[Time "15:00:54"]
[TimeControl "2700+45"]

1. Nf3 d5 2. d4 Nc6 3. g3 Bg4 4. Bg2 e6 5. O-O Nf6 6. Ne5 Qd6 7. Nxg4 Nxg4 8. e3
h5 9. b3 Be7 10. Ba3 Qd7 11. Bxe7 Nxe7 12. Nd2 Ng6 13. c4 c6 14. Rc1 f5 15. Re1
h4 16. h3 Nf6 17. cxd5 hxg3 18. fxg3 cxd5 19. a4 Qd6 20. Kf2 Ne4+ 21. Nxe4 fxe4
22. Qg4 Rf8+ 23. Kg1 Rf6 24. Rf1 Qf8 25. Rxf6 gxf6 26. Qxg6+ Qf7 27. Qxf7+ Kxf7
28. Rc7+ Kg6 29. Bf1 b6 30. Ba6 f5 31. Re7 Kf6 32. Rc7 Rg8 33. Kf2 Ra8 34. Rc8
Rxc8 35. Bxc8 e5 36. Bb7 exd4 37. exd4 Kg5 38. Bxd5 a5 39. Ke3 Kh5 40. Kf4 Kg6
41. Bc6 Kf6 42. Bd7 e3 43. Kxe3 f4+ 44. Kxf4 {Black resigns} 1-0

[Event "Team 45 45 League T81"]
[Site "Internet Chess Club"]
[Date "2019.06.27"]
[Round "1"]
[White "Janna"]
[Black "jeffk"]
[Result "1/2-1/2"]
[WhiteElo "1266"]
[BlackElo "1108"]
[Opening "French defense"]
[ECO "C01"]
[Time "17:03:15"]
[TimeControl "2700+45"]

1. e4 e6 2. d4 g6 3. Nc3 Bg7 4. Nf3 Nc6 5. Bf4 d5 6. exd5 exd5 7. Qe2+ Nge7 8.
O-O-O O-O 9. Qe3 Nf5 10. Qd2 Nfxd4 11. Nxd4 Nxd4 12. Be3 c5 13. Bxd4 cxd4 14.
Ne2 Qb6 15. Nxd4 Bxd4 16. Qxd4 Qxd4 17. Rxd4 Be6 18. Bd3 Rac8 19. Rd1 Rfd8 20.
Be4 Rc5 21. b4 Rc3 22. Bxd5 Bxd5 23. Rxd5 Rxd5 24. Rxd5 a6 25. Kb2 Rc6 26. f4 f5
27. h3 Kf7 28. g4 fxg4 29. hxg4 Rc4 30. Rd7+ Kf6 31. Rxh7 Rxb4+ 32. Kc1 Rxf4 33.
Rxb7 Rxg4 34. Rb6+ Kf5 35. Rxa6 Re4 36. Ra5+ Kf4 37. a4 g5 38. Kb2 g4 39. Kb3 g3
40. Rh5 Re3+ 41. Kb4 Kg4 42. Rd5 Re1 43. Rd4+ Kf3 44. Rd3+ Kf2 45. Rd2+ Kf1 46.
a5 Re2 47. Rd1+ Re1 48. Rd2 Re2 49. Rd1+ Re1 50. Rd2 Re2 51. Rd1+ Re1 52. Rd2
Re2 53. Rd1+ Re1 54. Rd2 Re2 55. Rd1+ {Game drawn by repetition} 1/2-1/2

[Event "Team 45 45 League T81"]
[Site "Internet Chess Club"]
[Date "2019.06.27"]
[Round "1"]
[White "Just-Jim"]
[Black "SeniorCitizen"]
[Result "1-0"]
[WhiteElo "1255"]
[BlackElo "1246"]
[Opening "French defense"]
[ECO "C00"]
[Time "16:00:12"]
[TimeControl "2700+45"]

1. e4 e6 2. Nc3 d5 3. exd5 exd5 4. d4 Nf6 5. h3 Be7 6. Bf4 c6 7. Nf3 Nbd7 8. a3
O-O 9. Bd3 b6 10. O-O Bb7 11. Qe2 Re8 12. Ba6 Qc8 13. Bxb7 Qxb7 14. Ne5 Nxe5 15.
Bxe5 Bd6 16. f4 Qc8 17. Qf3 Qd8 18. g4 Re6 19. g5 Nd7 20. Qg3 Bxe5 21. dxe5 Qe7
22. h4 Re8 23. f5 Rxe5 24. f6 Qc5+ 25. Kh1 Qe3 26. Qxe3 Rxe3 27. Kg2 Nf8 28.
fxg7 Kxg7 29. Rf4 Ng6 30. Ra4 Nxh4+ 31. Rxh4 R8e5 32. Rah1 Rxg5+ 33. Kf2 Reg3
34. Rxh7+ Kf6 35. R1h6+ Rg6 36. Rxg6+ Rxg6 37. Rh3 Kg7 38. Ne2 Rf6+ 39. Rf3
Rxf3+ 40. Kxf3 f5 41. Kf4 Kf6 42. Ng3 c5 43. Nxf5 Ke6 44. Ng3 c4 45. c3 Kd6 46.
Ke3 b5 47. Kd4 a5 48. Ne2 b4 49. axb4 axb4 50. cxb4 Kc6 51. Nc3 Kd6 52. Nxd5
{Black resigns} 1-0

[Event "Team 45 45 League T81"]
[Site "Internet Chess Club"]
[Date "2019.06.30"]
[Round "1"]
[White "clarinetref"]
[Black "chesskix"]
[Result "1-0"]
[WhiteElo "1494"]
[BlackElo "1374"]
[Opening "Réti opening"]
[ECO "A04"]
[Time "20:03:09"]
[TimeControl "2700+45"]

1. Nf3 d6 2. g3 g6 3. Bg2 Bg7 4. d4 Nf6 5. Nc3 Nbd7 6. e4 O-O 7. O-O c6 8. h3
Nb6 9. Qe2 Nfd7 10. a4 d5 11. e5 f6 12. a5 Nc4 13. e6 Nb8 14. b4 Nd6 15. Re1 a6
16. Na4 Nc4 17. Nd2 Nd6 18. Nb6 Ra7 19. c4 dxc4 20. Ndxc4 Nb5 21. Nxc8 Qxc8 22.
Be3 Qxe6 23. d5 cxd5 24. Bxa7 Qxe2 25. Rxe2 Nxa7 26. Bxd5+ Kh8 27. Rxe7 b5 28.
Nd6 Nac6 29. Nf7+ Kg8 30. Nd8+ Kh8 31. Nxc6 Nxc6 32. Bxc6 h5 33. Rd1 f5 34. Rdd7
Bc3 35. Rh7+ Kg8 36. Bd5+ Rf7 37. Rhxf7 Bxb4 38. Rd8+ {Black resigns} 1-0

[Event "Team 45 45 League T81"]
[Site "Internet Chess Club"]
[Date "2019.07.01"]
[Round "1"]
[White "CMAlge"]
[Black "sdcohle"]
[Result "0-1"]
[WhiteElo "1316"]
[BlackElo "1344"]
[Opening "French: advance variation"]
[ECO "C02"]
[Time "20:00:35"]
[TimeControl "2700+45"]

1. e4 e6 2. d4 d5 3. e5 c5 4. c3 Qb6 5. Nf3 Nc6 6. a3 c4 7. Nbd2 Na5 8. g3 Bd7
9. Bg2 Ne7 10. O-O Ng6 11. h4 h6 12. h5 Ne7 13. Nh4 Nec6 14. f4 Be7 15. f5 Bxh4
16. gxh4 exf5 17. Bxd5 Be6 18. Bxe6 fxe6 19. Qe2 O-O 20. Nxc4 Qb5 21. Qg2 Qxc4
22. Bxh6 Rf7 23. Bf4 Qd5 24. Qg6 Qd7 25. Bg5 Ne7 26. Bxe7 Qxe7 27. Rf4 Rd8 28.
b4 Nc4 29. Kf2 Nb6 30. Rg1 Nd5 31. Rf3 Qxh4+ 32. Rfg3 Nf4 33. Qxf7+ Kxf7 34. Kf1
Nxh5 35. Ke2 Nxg3+ {White resigns} 0-1

[Event "Team 45 45 League T81"]
[Site "Internet Chess Club"]
[Date "2019.07.01"]
[Round "1"]
[White "Kidpython"]
[Black "OGO"]
[Result "0-1"]
[WhiteElo "1046"]
[BlackElo "1253"]
[Opening "Four knights: Italian variation"]
[ECO "C47"]
[Time "10:00:09"]
[TimeControl "2700+45"]

1. e4 e5 2. Nf3 Nc6 3. Nc3 Nf6 4. Bc4 h6 5. d3 Bb4 6. Bd2 O-O 7. a3 Bc5 8. O-O
d6 9. h3 Be6 10. Bxe6 fxe6 11. Qe2 Qd7 12. Be3 Bd4 13. Bxd4 Nxd4 14. Nxd4 exd4
15. Na2 Rae8 16. c4 c5 17. b3 Qc6 18. b4 a6 19. Rab1 b5 20. Rfc1 Nd7 21. bxc5
dxc5 22. cxb5 axb5 23. Nb4 Qd6 24. Na2 Qa6 25. Qb2 Ne5 26. Rd1 Rb8 27. g3 c4 28.
dxc4 Nxc4 29. Qxd4 Qxa3 30. Ra1 Qf3 31. Rd3 Rbd8 32. Qxd8 Qxf2+ 33. Kh1 Rxd8 34.
Rxd8+ Kf7 35. Rdd1 Qxg3 36. Rf1+ Kg8 37. Rg1 Qxh3# {White checkmated} 0-1

[Event "Team 45 45 League T81"]
[Site "Internet Chess Club"]
[Date "2019.06.30"]
[Round "1"]
[White "stantheman59"]
[Black "seldredg"]
[Result "1/2-1/2"]
[WhiteElo "1267"]
[BlackElo "1305"]
[Opening "Dutch: Leningrad, main variation with c6"]
[ECO "A88"]
[Time "14:10:02"]
[TimeControl "2700+45"]

1. d4 f5 2. Nf3 Nf6 3. c4 g6 4. Nc3 Bg7 5. g3 O-O 6. Bg2 d6 7. O-O c6 8. Qb3 Kh8
9. Re1 Qc7 10. Bf4 Nh5 11. Bd2 e5 12. e3 Qe7 13. Re2 e4 14. Ne1 Be6 15. d5 cxd5
16. cxd5 Bf7 17. f4 Na6 18. Na4 Rab8 19. Bc3 Nf6 20. Bxf6 Bxf6 21. Rc1 b5 22.
Nc3 Rfc8 23. Rec2 Qd7 24. Bf1 Nc5 25. Bxb5 Nxb3 26. Bxd7 Nxc1 27. Bxc8 Rxc8 28.
Rxc1 Bd8 29. b4 Bxd5 30. Rc2 Bc4 31. Nb5 Bb6 32. Kf2 d5 33. Nd6 Rc7 34. a3 a6
35. Nxc4 dxc4 36. Rc3 a5 37. b5 Kg7 38. a4 Kf6 39. Nc2 Ke6 40. Na3 Kd5 41. h3 h5
42. h4 Rc8 {Game drawn by mutual agreement} 1/2-1/2

[Event "Team 45 45 League T81"]
[Site "Internet Chess Club"]
[Date "2019.06.27"]
[Round "1"]
[White "Ajolote"]
[Black "calsal"]
[Result "1-0"]
[WhiteElo "1905"]
[BlackElo "1825"]
[Opening "Scandinavian defense"]
[ECO "B01"]
[Time "18:17:59"]
[TimeControl "2700+45"]

1. e4 d5 2. exd5 Nf6 3. Nf3 Bg4 4. Be2 Qxd5 5. d4 Nc6 6. h3 Bxf3 7. Bxf3 Qd7 8.
c3 e5 9. O-O O-O-O 10. Bg5 Kb8 11. Bxf6 gxf6 12. d5 Ne7 13. Qb3 Nf5 14. Nd2 Nh4
15. c4 f5 16. Be2 f4 17. Nf3 Nxf3+ 18. Qxf3 Bc5 19. a3 f5 20. b4 Bd4 21. Rab1
Rhg8 22. Kh1 Qg7 23. Rg1 Qh6 24. Rbf1 e4 25. Qh5 Qxh5 26. Bxh5 e3 27. Rd1 exf2
28. Rxd4 fxg1=Q+ 29. Kxg1 Rg3 30. Bf3 Re8 31. Kf2 Rgg8 32. Rxf4 Rgf8 33. Rh4 Re7
34. Rf4 Re5 35. Rh4 Rf7 36. Rf4 Re8 37. Bh5 Ref8 38. Bxf7 Rxf7 39. g4 Kc8 40.
Rxf5 Re7 41. Rf4 Kd7 42. h4 Kd6 43. g5 c6 44. Rf6+ Kd7 45. dxc6+ bxc6 46. Kf3
{Black resigns} 1-0

[Event "Team 45 45 League T81"]
[Site "Internet Chess Club"]
[Date "2019.06.29"]
[Round "1"]
[White "MarcB"]
[Black "elessar"]
[Result "1-0"]
[WhiteElo "1679"]
[BlackElo "1620"]
[Opening "Réti v Dutch"]
[ECO "A04"]
[Time "18:00:17"]
[TimeControl "2700+45"]

1. Nf3 f5 2. g3 e6 3. d4 Nf6 4. Bg2 Be7 5. O-O O-O 6. Nbd2 d6 7. c4 Nc6 8. a3 e5
9. d5 Nb8 10. e4 g6 11. exf5 gxf5 12. b4 b6 13. Bb2 Qe8 14. Re1 Qg6 15. Nxe5 Qe8
16. Nd3 Nbd7 17. Nf4 Ne5 18. Bxe5 dxe5 19. Rxe5 Ng4 20. Re1 Rb8 21. h3 Nf6 22.
Ne6 Bxe6 23. Rxe6 Qf7 24. Nf3 Bd6 25. Ne5 Bxe5 26. Rxe5 Ne4 27. Bxe4 fxe4 28.
Qg4+ Kh8 29. Rf1 Rg8 30. Qxe4 Rbf8 31. Qg2 Qf6 32. Rfe1 a5 33. Re7 Qd4 34. R1e4
Qd1+ 35. Kh2 Qc2 36. f4 Qc3 37. Re3 Qxc4 38. Qb2+ {Black resigns} 1-0

[Event "Team 45 45 League T81"]
[Site "Internet Chess Club"]
[Date "2019.06.26"]
[Round "1"]
[White "Demachaeron"]
[Black "fireball"]
[Result "1/2-1/2"]
[WhiteElo "1752"]
[BlackElo "1593"]
[Opening "French defense"]
[ECO "C00"]
[Time "20:30:50"]
[TimeControl "2700+45"]

1. e4 e6 2. Nf3 d5 3. exd5 exd5 4. d4 Nf6 5. Bd3 Bd6 6. Nc3 O-O 7. O-O Bg4 8.
Be3 Re8 9. Be2 Nbd7 10. Re1 c6 11. h3 Bf5 12. a3 b5 13. Bd3 Ne4 14. Ne2 h6 15.
Bf4 Bxf4 16. Nxf4 g5 17. Ne2 Qf6 18. c3 g4 19. hxg4 Bxg4 20. Bxe4 Rxe4 21. Nd2
Re7 22. f3 Bh5 23. Ng3 Bg6 24. Rxe7 Qxe7 25. Qe2 Re8 26. Re1 Qxe2 27. Rxe2 Rxe2
28. Nxe2 Nb6 29. b3 a5 30. Kf2 a4 31. b4 Kg7 32. Ke3 Kf6 33. f4 Bh5 34. Ng3 Bd1
35. Kf2 Kg6 36. Ke3 h5 37. Nh1 Kf5 38. Nf2 Bb3 39. g3 Nc4+ 40. Nxc4 Bxc4 41. Kf3
f6 42. Nd1 Bb3 43. Ne3+ Kg6 44. g4 hxg4+ 45. Kxg4 f5+ 46. Kh4 Ba2 {Game drawn by
mutual agreement} 1/2-1/2

[Event "Team 45 45 League T81"]
[Site "Internet Chess Club"]
[Date "2019.07.01"]
[Round "1"]
[White "kidviper"]
[Black "cadmiumorange"]
[Result "1/2-1/2"]
[WhiteElo "1822"]
[BlackElo "1825"]
[Opening "Nimzovich-Larsen attack"]
[ECO "A01"]
[Time "07:04:44"]
[TimeControl "2700+45"]

1. b3 d6 2. Bb2 Nd7 3. e3 Ngf6 4. Be2 g6 5. Nf3 Bg7 6. c4 O-O 7. d4 b6 8. O-O
Bb7 9. Nc3 e6 10. Qc2 Qe7 {Game drawn by mutual agreement} 1/2-1/2

[Event "Team 45 45 League T81"]
[Site "Internet Chess Club"]
[Date "2019.06.30"]
[Round "1"]
[White "Zugzwanged"]
[Black "kidcobra"]
[Result "0-1"]
[WhiteElo "1734"]
[BlackElo "1837"]
[Opening "Scotch: Potter variation"]
[ECO "C45"]
[Time "20:04:57"]
[TimeControl "2700+45"]

1. e4 e5 2. Nf3 Nc6 3. d4 exd4 4. Nxd4 Bc5 5. Nb3 Bb6 6. Nc3 Nf6 7. Qe2 O-O 8.
Be3 Re8 9. f3 d5 10. O-O-O d4 11. Bf2 Ng4 12. Kb1 Nxf2 13. Qxf2 Be6 14. Na4 Qf6
15. Qd2 Red8 16. Nxb6 axb6 17. h4 Na5 18. Qg5 Bxb3 19. Qxf6 Bxa2+ 20. Kxa2 gxf6
21. Kb1 c5 22. Bb5 c4 23. Rd2 Rd6 24. Rhd1 Rad8 25. f4 d3 26. cxd3 Nb3 27. Rf2
cxd3 28. Bc4 Nc5 29. Bd5 f5 30. Bxf7+ Kxf7 31. e5 Rd4 32. g3 Ra8 33. b3 Ne4
{White resigns} 0-1

[Event "Team 45 45 League T81"]
[Site "Internet Chess Club"]
[Date "2019.06.29"]
[Round "1"]
[White "KidRattler"]
[Black "idjit"]
[Result "1-0"]
[WhiteElo "1635"]
[BlackElo "1619"]
[Opening "Bogo-Indian defense"]
[ECO "E11"]
[Time "12:09:02"]
[TimeControl "2700+45"]

1. d4 Nf6 2. Nf3 e6 3. c4 Bb4+ 4. Bd2 a5 5. a3 Bxd2+ 6. Nbxd2 Nc6 7. e3 d6 8.
Bd3 O-O 9. O-O e5 10. d5 Nb8 11. b4 Nbd7 12. Rc1 c5 13. b5 Re8 14. Qc2 Nb6 15.
h3 Qe7 16. e4 Nh5 17. Kh2 Nf4 18. Ng1 Qg5 19. g3 Nxh3 20. Nxh3 Qh5 21. Rh1 Qxh3+
22. Kg1 Qg4 23. Nf1 Nd7 24. Ne3 Qg5 25. Nf5 Qf6 26. Qd2 Nf8 27. Ne3 Ng6 28. Rh5
Ne7 29. Kg2 Qg6 30. Rch1 h6 31. f3 Rf8 32. Qc2 f6 33. g4 Bd7 34. Kf1 Qf7 35. Nf5
Nxf5 36. gxf5 Rfe8 37. Qh2 Kf8 38. Rg1 Ke7 39. Rg6 Rg8 40. Rh4 Be8 41. Qg1 Qf8
42. Rg2 g5 43. fxg6 Qg7 44. Qe3 Bxg6 45. Rxh6 Qf7 46. Qe1 Bh5 47. Rxg8 Rxg8 48.
Qxa5 Kf8 49. Ke1 Bxf3 50. Rh4 Qg7 51. Qa8+ Kf7 52. Qxb7+ Kg6 53. Qxg7+ Rxg7 54.
Rh3 Bd1 55. Rg3+ Kf7 56. Rxg7+ Kxg7 57. Kxd1 {Black resigns} 1-0

[Event "Team 45 45 League T81"]
[Site "Internet Chess Club"]
[Date "2019.07.02"]
[Round "1"]
[White "az2112"]
[Black "BJJ"]
[Result "0-1"]
[WhiteElo "1386"]
[BlackElo "1428"]
[Opening "Ruy Lopez: open (Tarrasch) defense"]
[ECO "C80"]
[Time "10:02:44"]
[TimeControl "2700+45"]

1. e4 e5 2. Nf3 Nc6 3. Bb5 a6 4. Ba4 Nf6 5. O-O Nxe4 6. Re1 d5 7. Nxe5 Bd6 8.
Nxc6 Bxh2+ 9. Kf1 Qh4 10. Rxe4+ Qxe4 11. Qe2 O-O 12. Qxe4 dxe4 13. Nd4 c5 {White
resigns} 0-1